 Dungeon Crawl Stone Soup version 0.26.0-45-g9c1d065592 (webtiles) character file.

Game seed: 15773710206355696604

(classic levelgen) 8849 thiole the Tainter (level 11, -9/81 HPs)
             Began as an Octopode Venom Mage on Jan 30, 2021.
             Was an Initiate of Gozag.
             Hit by a boomerang thrown by an orc warrior (17 damage)
             ... on level 1 of the Orcish Mines.
             The game lasted 00:26:45 (16516 turns).

thiole the Tainter (Octopode Venom Mage)           Turns: 16516, Time: 00:26:45

Health: -9/81      AC:  1    Str:  9    XL:     11   Next: 37%
Magic:  17/36      EV: 12    Int: 20    God:    Gozag
Gold:   757        SH: 10    Dex: 12    Spells: 9/20 levels left

rFire    . . .     SeeInvis .   x - +2 short sword (venom)
rCold    + . .     Faith    .   v - +0 kite shield
rNeg     . . .     Spirit   .   (helmet restricted)
rPois    +         Reflect  .   (no amulet)
rElec    .         Harm     .   n - ring of poison resistance
rCorr    .         Rampage  .   d - ring of wizardry
Will     .....                  f - ring of stealth
Stlth    +++++.....             q - ring of protection from cold
HPRegen  0.23/turn              w - ring of magical power
MPRegen  0.25/turn              D - ring of magical power
                                c - ring of wizardry
                                (no ring)

@: radiating poison, gold aura
A: almost no armour, stealthy swim, amphibious, 8 rings, constrict 8, camouflage
1, gelatinous body 1
a: Renounce Religion, Potion Petition, Call Merchant, Bribe Branch


You were on level 1 of the Orcish Mines.
You worshipped Gozag.
Gozag was pleased with you.
You visited 2 branches of the dungeon, and saw 13 of its levels.

You collected 1883 gold pieces.
You spent 1038 gold pieces at shops.
You paid 88 gold pieces to Gozag.

Inventory:

Hand Weapons
 x - a +2 short sword of venom (weapon)
Missiles
 k - 363 stones
 l - 28 poisoned darts
Armour
 v - a +0 kite shield (worn)
Jewellery
 c - a ring of wizardry (on tentacle)
 d - a ring of wizardry (right tentacle)
 f - a ring of stealth (on tentacle)
 n - a ring of poison resistance (left tentacle)
 q - a ring of protection from cold (on tentacle)
 w - a ring of magical power (on tentacle)
 D - a ring of magical power (on tentacle)
Wands
 t - a wand of disintegration (10)
 z - a wand of iceblast (15)
 C - a wand of flame (20)
 E - a wand of acid (9)
Scrolls
 a - 2 scrolls of magic mapping
 b - 2 scrolls of enchant weapon {unknown}
 g - 3 scrolls of remove curse
 h - a scroll of noise {unknown}
 i - 4 scrolls of fog
 j - 4 scrolls of blinking
 o - 2 scrolls of immolation {unknown}
 p - 4 scrolls of teleportation {unknown}
 s - 4 scrolls of amnesia {unknown}
 A - a scroll of torment
 B - 5 scrolls of enchant armour {unknown}
 F - 2 scrolls of acquirement {unknown}
Potions
 e - 2 potions of magic
 m - 8 potions of flight
 r - 3 potions of curing
 u - 3 potions of brilliance
 G - a potion of resistance
 I - a potion of berserk rage {unknown}
 J - a potion of mutation
Miscellaneous
 H - a phantom mirror


   Skills:
 + Level 9.9 Fighting
 - Level 2.0 Dodging
 - Level 7.0 Stealth
 - Level 9.0 Shields
 - Level 5.0 Spellcasting
 - Level 2.0 Conjurations
 - Level 2.0 Transmutations
 - Level 2.0 Fire Magic
 - Level 2.0 Air Magic
 - Level 10.0 Poison Magic


You had 9 spell levels left.
You knew the following spells:

 Your Spells              Type           Power        Failure   Level
a - Sting                 Tmut/Pois      100%         1%          1
b - Mephitic Cloud        Conj/Pois/Air  23%          3%          3
c - Ignite Poison         Fire/Tmut/Pois 23%          3%          3
d - Olgreb's Toxic Radia  Pois           45%          1%          4

Your spell library contained the following spells:

 Spells                   Type           Power        Failure   Level
 Poisonous Vapours        Pois/Air       58%          1%          2
 Conjure Flame            Conj/Fire      13%          9%          3
 Freezing Cloud           Conj/Ice/Air   5%           99%         6


Dungeon Overview and Level Annotations

Branches:
Dungeon (11/15)            Temple (0/1) D:6            Lair (0/6) D:10
    Orc (2/2) D:10            Elf (0/3) Orc:2

Altars:
Cheibriados
Dithmenos
Elyvilon
Gozag
Qazlal
Sif Muna
Vehumet
Wu Jian
Xom
Yredelemnul

Shops:
D:4 ?   D:7 !*[*   D:10 *   Orc:2 :


Innate Abilities, Weirdness & Mutations

You cannot wear most types of armour.
You are very stealthy in the water. (Stealth+)
You are amphibious.
You can wear up to eight rings at the same time.
You can use your tentacles to constrict eight enemies at once.
Your skin changes colour to match your surroundings (Stealth+).
Your rubbery body absorbs attacks. (AC +1, EV +1)


Message History

The orc warrior becomes distracted by the nearby gold, dreaming of imaginary riches.
Casting: Ignite Poison (mildly dangerous; 3% risk of failure)
Confirm with . or Enter, or press ? or * to list all spells.
You begin to radiate toxic energy.
The orc warrior is no longer distracted by gold.
The orc warrior shouts!
The orc warrior is poisoned.
The orc is no longer distracted by gold.
The orc is poisoned.
The orc sorcerer is no longer distracted by gold.
The orc sorcerer shouts!
The orc sorcerer is poisoned.
The orc looks even sicker.
You hear a shout!
You kill the orc!
The orc sorcerer casts a spell at you. The bolt of fire hits you!!!
* * * LOW HITPOINT WARNING * * *
The orc warrior throws a boomerang.
The boomerang hits you!
You die...
Your body crumbles into a pile of gold.

**,****,,,,,******** **,*
****,,,,*#..........#.##* *..,
*,***,,,,.....$.....$...** *#.#
,,,**,,,*#........$.#...,* *...
,,**,*,,,.......o.......** **,.
,,,,,,,,,.............,,* ***
,,,,,,,,*...........,,$#* ##
,,,,,,,**#........##>..#* ##.
,,,,,,,,,.......@.......* #..
,,*,,,,$,...............* ##..
,,,*,*,,,o#..........#.#**** #...
,,,**,,,,$............#***,**##.#
*,,,**,,*..............#*,,,**###
**,**,,,,...$.........##,*,,,***
*****,,,....#..........,,,,,,,**
**,,*,,,.......$.......,,,,$,,,*
*,,,,*,*,,,,,*,$,,,,,,,,,,*,,,**


You could see an orc sorcerer (poisoned) and an orc warrior (poisoned).

Vanquished Creatures
  A two-headed ogre (Orc:1)
  An orc sorcerer (Orc:2)
  Maurice (D:8)
  A troll (D:8)
  Grinder (D:3)
  A yak (D:10)
  3 wargs (D:10)
  5 water moccasins
  2 sky beasts
  14 orc warriors
  2 ice beasts
  5 black bears (D:10)
  4 phantoms
  A necrophage (D:10)
  6 ogres
  2 centaurs
  2 big kobolds
  8 bullfrogs
  2 scorpions
  6 howler monkeys
  A bullfrog zombie (D:5)
  A centaur zombie (D:8)
  13 orc priests
  Crazy Yiuf (D:3)
  A quasit (D:8)
  3 hounds
  A centaur skeleton (D:7)
  3 iguanas
  Natasha (thrice) (D:2)
  21 orc wizards
  3 worker ants
  Ijyb (D:4)
  A hound skeleton (D:7)
  A worker ant zombie (D:6)
  Robin (D:3)
  3 gnolls (D:2)
  6 adders
  2 shadow imps
  3 white imps
  4 ufetubi
  An ooze (D:5)
  An adder zombie (D:5)
  An adder skeleton (D:4)
  3 worms
  8 leopard geckos
  65 orcs
  3 giant cockroaches
  10 goblins
  7 hobgoblins
  4 jackals (D:3)
  21 kobolds
  3 quokkas
  3 ball pythons
  4 bats
  A frilled lizard (D:2)
  A leopard gecko zombie (D:8)
  A quokka skeleton (D:6)
  5 rats
283 creatures vanquished.

Vanquished Creatures (others)
  21 fungi
  23 plants
44 creatures vanquished.

Grand Total: 327 creatures vanquished

Notes
Turn   | Place    | Note
-------+----------+-------------------------------------------
     0 | D:1      | thiole the Octopode Venom Mage began the quest for the Orb.
     0 | D:1      | Reached XP level 1. HP: 11/11 MP: 3/3
   221 | D:1      | Reached skill level 4 in Poison Magic
   258 | D:1      | Reached XP level 2. HP: 18/18 MP: 1/5
   417 | D:1      | Reached skill level 1 in Fighting
  1119 | D:2      | Noticed Natasha
  1129 | D:2      | Killed Natasha
  1130 | D:2      | Reached XP level 3. HP: 23/24 MP: 1/6
  1231 | D:2      | Noticed Natasha
  1244 | D:2      | Killed Natasha
  1245 | D:2      | Reached skill level 5 in Poison Magic
  1245 | D:2      | Reached XP level 4. HP: 10/29 MP: 1/7
  1286 | D:2      | Noticed Natasha
  1293 | D:2      | Killed Natasha
  1865 | D:2      | Reached skill level 6 in Poison Magic
  1872 | D:2      | Reached XP level 5. HP: 27/34 MP: 1/8
  2683 | D:3      | Reached skill level 1 in Fire Magic
  2687 | D:3      | Reached skill level 1 in Conjurations
  2687 | D:3      | Reached skill level 1 in Air Magic
  2987 | D:3      | Noticed Grinder
  3012 | D:3      | Killed Grinder
  3013 | D:3      | Reached XP level 6. HP: 10/41 MP: 1/9
  3569 | D:3      | Reached XP level 7. HP: 38/46 MP: 0/10
  3745 | D:3      | Found a stormy altar of Qazlal.
  3763 | D:3      | Noticed Robin
  3788 | D:3      | Killed Robin
  4114 | D:3      | Found a runed translucent door.
  4115 | D:3      | Noticed Crazy Yiuf
  4145 | D:3      | You fall into a shaft and drop 2 floors!
  4145 | D:5      | Entered Level 5 of the Dungeon
  4920 | D:4      | Learned a level 3 spell: Mephitic Cloud
  4924 | D:4      | Learned a level 3 spell: Ignite Poison
  4930 | D:4      | Learned a level 4 spell: Olgreb's Toxic Radiance
  5060 | D:4      | Found Kimmaetutz's Magic Scroll Shop.
  5253 | D:4      | Reached XP level 8. HP: 52/54 MP: 1/15
  5448 | D:4      | Noticed Ijyb
  5886 | D:3      | Killed Crazy Yiuf
  5887 | D:3      | Reached skill level 5 in Spellcasting
  6339 | D:5      | Found a shimmering altar of Xom.
  6476 | D:5      | Reached skill level 5 in Fighting
  6588 | D:5      | Found an opulent altar of Gozag.
  6596 | D:5      | Became a worshipper of Gozag Ym Sagoz the Greedy
  7255 | D:4      | Found a shadowy altar of Dithmenos.
  7309 | D:4      | Killed Ijyb
  7471 | D:6      | Found a white marble altar of Elyvilon.
  7526 | D:6      | Found a basalt altar of Yredelemnul.
  7862 | D:6      | Found a snail-covered altar of Cheibriados.
  7940 | D:6      | Found a staircase to the Ecumenical Temple.
  8074 | D:6      | Found an ornate altar of the Wu Jian Council.
  8296 | D:6      | Found a shadowy altar of Dithmenos.
  8720 | D:7      | Reached XP level 9. HP: 65/65 MP: 16/16
  8773 | D:7      | Found a shimmering blue altar of Sif Muna.
 10367 | D:7      | Found Heseih's Assorted Antiques.
 10373 | D:7      | Bought a glowing wooden wand for 124 gold pieces
 10420 | D:7      | Found Siqon's General Store.
 10428 | D:7      | Bought a phantom mirror for 560 gold pieces
 10455 | D:7      | Found Mabluliv's Antique Armour Emporium.
 10931 | D:7      | Found Fufof's Distillery.
 11147 | D:8      | Reached skill level 1 in Shields
 11926 | D:8      | Noticed Maurice
 11931 | D:8      | Killed Maurice
 11932 | D:8      | Reached skill level 5 in Shields
 11932 | D:8      | Reached XP level 10. HP: 67/76 MP: 7/17
 13359 | D:9      | Found a radiant altar of Vehumet.
 13653 | D:9      | Found a shimmering altar of Xom.
 13653 | D:9      | Found a shimmering altar of Xom.
 13653 | D:9      | Found a shimmering altar of Xom.
 13653 | D:9      | Found a shimmering altar of Xom.
 13654 | D:9      | Found a shimmering altar of Xom.
 13654 | D:9      | Found a shimmering altar of Xom.
 13966 | D:9      | Noticed an orb spider
 13970 | D:9      | an orb spider changed into a spriggan
 14369 | D:10     | Entered Level 10 of the Dungeon
 14580 | D:10     | Reached skill level 5 in Stealth
 14653 | D:10     | Found a staircase to the Lair.
 15075 | D:10     | Found a staircase to the Orcish Mines.
 15896 | D:10     | Reached skill level 7 in Poison Magic
 15896 | D:10     | Reached XP level 11. HP: 43/81 MP: 18/18
 16291 | D:10     | Found Qoneb's Assorted Antiques.
 16299 | D:10     | Bought a shiny agate ring for 150 gold pieces
 16304 | D:10     | Bought a fuming orange potion for 27 gold pieces
 16304 | D:10     | Bought a scroll of identify for 60 gold pieces
 16304 | D:10     | Bought a scroll labelled DUZABE RUUL for 30 gold pieces
 16304 | D:10     | Bought a murky brown potion for 27 gold pieces
 16304 | D:10     | Bought a scroll of identify for 60 gold pieces
 16414 | Orc:1    | Entered Level 1 of the Orcish Mines
 16429 | Orc:1    | Reached skill level 8 in Poison Magic
 16436 | Orc:1    | Noticed a two-headed ogre
 16452 | Orc:1    | Killed a two-headed ogre
 16453 | Orc:1    | Reached skill level 9 in Poison Magic
 16499 | Orc:2    | Entered Level 2 of the Orcish Mines
 16499 | Orc:2    | Found a staircase to the Elven Halls.
 16504 | Orc:2    | Noticed an orc sorcerer
 16507 | Orc:2    | Killed an orc sorcerer
 16508 | Orc:2    | Found Manakeolucu's Book Shoppe.
 16511 | Orc:2    | Reached skill level 10 in Poison Magic
 16514 | Orc:1    | Noticed an orc sorcerer
 16516 | Orc:1    | Hit by a boomerang thrown by an orc warrior

Illustrated notes

Levels and vault maps discovered:
D:1:      dpeg_arrival_windows_large_door, layout_basic, item_on_display_a
D:2:      layout_basic, serial_park_tiny_2, kennysheep_path_1,
          amcnicky_mini_corridor_feature, uniq_natasha
D:3:      layout_loops_ring, lemuel_round_altar, serial_bayou,
          serial_bayou_pond_a, serial_bayou_lagoon_a, serial_bayou_pond_a,
          serial_bayou_pond_b, uniq_crazy_yiuf_cottage, uniq_robin, uniq_grinder
D:4:      layout_rooms, serial_shops, shop, nicolae_dithmenos_the_darkroom,
          uniq_ijyb
D:5:      layout_basic, grunt_gozag_breadcrumbs, basic_altar
D:6:      layout_basic, kennysheep_ying_yang, nicolae_overflow_crystal_walls,
          overflow_temple_1_default, lemuel_coloured_pillars_altar,
          temple_doors_cd, kennysheep_windowed_goal
D:7:      layout_basic, kennysheep_mini_moat, serial_shops, shop, shop,
          kennysheep_little_box, nicolae_shop_waterfront,
          kennysheep_generic_room_12
D:8:      layout_basic, grunt_potential, uniq_maurice
D:9:      layout_stronghold, nicolae_overflow_hidden_temple, xom_shifter_show
D:10:     layout_irregular_city, due_lair_maze_entry_diamond,
          minmay_orc_entry_guard_dogs, serial_shops, nicolae_shop_waterfront,
          corexii_corridor_pit
D:11:     layout_loops_cross, serial_shops, shop_fountains
Orc:1:    layout_caves, portal_ice_cave_demonic_guard, lightli_orcish_oven
Orc:2:    grunt_orc_gardens, layout_caves, grunt_orc_garden, grunt_orc_garden,
          grunt_orc_garden, grunt_orc_garden

Skill      XL: |  1  2  3  4  5  6  7  8  9 10 11 |
---------------+----------------------------------+-----
Poison Magic   | 4 5 6 7 10 | 10.0
Fighting       | 2 3 4 7 9 |  9.9
Fire Magic     | 2 |  2.0
Conjurations   | 2 |  2.0
Air Magic      | 2 |  2.0
Transmutations | 2 |  2.0
Spellcasting   | 4 5 |  5.0
Shields        | 5 9 |  9.0
Stealth        | 7 |  7.0
Dodging        | |  2.0

Action                   |  1- 3 |  4- 6 |  7- 9 | 10-12 || total
-------------------------+-------+-------+-------+-------++-------
Melee: Unarmed           |    19 |    37 |    78 |       ||   134
       Constrict         |     5 |    12 |    22 |    14 ||    53
       Tentacles         |     4 |     8 |    20 |     8 ||    40
       Short sword       |       |       |    17 |    64 ||    81
 Cast: Sting             |    26 |    90 |   115 |    30 ||   261
       Olgreb's Toxic Ra |       |       |    69 |    51 ||   120
       Ignite Poison     |       |       |    42 |    31 ||    73
       Mephitic Cloud    |       |       |     8 |     8 ||    16
Evoke: Wand              |       |       |       |     1 ||     1
  Use: Scroll            |       |     5 |     4 |     9 ||    18
       Potion            |       |     2 |       |     3 ||     5
 Stab: Sleeping          |       |       |     2 |     4 ||     6
Armor: Skin              |     1 |     5 |     7 |     2 ||    15
Dodge: Dodged            |    14 |    33 |    85 |    65 ||   197
Block: Kite shield       |       |       |       |    11 ||    11
